 Dungeon Crawl Stone Soup version 0.31-a0-700-gf13585253f (webtiles) character file.

Game seed: 16973113508740258033

2039 qw the Skirmisher (level 9, -8/57 HPs)
             Began as a Gargoyle Hunter on Sept 7, 2023.
             Mangled by a sun demon (9 damage)
             ... summoned by a kobold demonologist
             ... on level 7 of the Dungeon.
             The game lasted 00:02:13 (4850 turns).

qw the Skirmisher (Gargoyle Hunter)                 Turns: 4850, Time: 00:02:14

Health: -8/57      AC: 13    Str: 12    XL:     9   Next: 24%
Magic:  9/9        EV: 13    Int: 10    God:
Gold:   456        SH:  0    Dex: 19    Spells: 8/8 levels left

rFire   + . .        e - +0 orcbow
rCold   + . .        (shield currently unavailable)
rNeg    + . .        c - +3 leather armour of Pevewec {Will+ Dex+2}
rPois   inf          (no helmet)
rElec   +            p - scarf of the Cockroach {rC+ rF+, rElec Will+ Str-3}
rCorr   +            k - +0 pair of gloves
SInv    +            (no boots)
Will    ++...        (no amulet)
Stlth   ++           q - ring of see invisible
HPRegen 0.29/turn    m - ring of resist corrosion
MPRegen 0.11/turn

%: no passive effects
@: no status effects
A: sickness immunity, AC +6, negative energy resistance 1, electricity
resistance, torment resistance 1, petrification resistance
a: no special abilities


You were on level 7 of the Dungeon.
You visited 1 branch of the dungeon, and saw 7 of its levels.

You collected 456 gold pieces.


Innate Abilities, Weirdness & Mutations

You are immune to sickness and miasma.
Your stone body is resilient. (AC +6)
You are immune to poison.
You resist negative energy. (rN+)
You are resistant to electric shocks. (rElec)
You are resistant to unholy torment.
You are immune to petrification.


   Skills:
 - Level 7.0 Fighting
 + Level 10.2 Ranged Weapons
 - Level 2.1 Armour
 - Level 3.1 Dodging
 - Level 1.1 Stealth


You had 8 spell levels left.
You didn't know any spells.
Your spell library was empty.

Inventory:

Hand Weapons
 e - a +0 orcbow (weapon)
Armour
 c - the +3 leather armour of Pevewec (worn) {Will+ Dex+2}
   (You found it on level 3 of the Dungeon)

   Dex+2:     It affects your dexterity (+2).
   Will+:     It increases your willpower.
 k - a +0 pair of gloves (worn)
 p - the scarf of the Cockroach (worn) {rC+ rF+, rElec Will+ Str-3}
   (You found it on level 4 of the Dungeon)

   Str-3:     It affects your strength (-3).
   rElec:     It insulates you from electricity.
   Will+:     It increases your willpower.
Jewellery
 f - a ring of resist corrosion
 m - a ring of resist corrosion (right hand)
 q - a ring of see invisible (left hand)
 Y - a ring of positive energy
Scrolls
 b - a scroll of identify
Potions
 a - a potion of haste {unknown}
 d - a potion of lignification {unknown}
 g - 2 potions of enlightenment
 h - 2 potions of might
 i - a potion of curing
 l - a potion of degeneration {unknown}
 n - a potion of brilliance {unknown}
 o - 3 potions of heal wounds

Dungeon Overview and Level Annotations

Branches:
Dungeon (7/15)
 Temple: D:4-7

Altars:
Dithmenos
Fedhas
Hepliaklqana
Uskayaw


Message History

Enter note: You shoot an arrow.
The arrow hits the sun demon but does no damage.
The sun demon hits you but does no damage.
You shoot an arrow. The arrow hits the sun demon.
The sun demon is lightly wounded.
The sun demon closely misses you.
You shoot an arrow. The arrow closely misses the sun demon.
The sun demon hits you!
You are engulfed in flames.
You resist.
The kobold demonologist gestures wildly while chanting.
4845 |||
Found retreat position at -1,-1 (floor) with 0 blocking monsters and 2 monsters attacking at destination at distance 1
Enter note:
Enter note:
4845 ||| Stepping ~*~*~tactically~*~*~ (retreating).
You shoot an arrow. The arrow closely misses the sun demon.
The arrow closely misses the ufetubus.
The sun demon misses you. The ufetubus barely misses you.
The ufetubus hits you.
You shoot an arrow.
The arrow hits the sun demon but does no damage.
The sun demon is lightly wounded.
The ufetubus closely misses you. The ufetubus completely misses you.
The kobold demonologist looks satisfied for a moment.
The sun demon hits you!
You are engulfed in flames.
You resist.
You shoot an arrow.
The arrow hits the sun demon but does no damage.
The sun demon is lightly wounded.
The ufetubus closely misses you.
The ufetubus hits you but does no damage.
The sun demon hits you.
You are engulfed in flames!
You resist. The ufetubus closely misses you. x2
You shoot an arrow. The arrow closely misses the sun demon.
The arrow closely misses the kobold demonologist.
The sun demon hits you but does no damage.
The ufetubus closely misses you. x2
You shoot an arrow.
The arrow hits the sun demon but does no damage.
The sun demon hits you!
You are engulfed in flames.
You resist.
The ufetubus hits you but does no damage. x2
The sun demon hits you.
You are engulfed in flames!
You resist.
You die...

#.........+................#
#.........#................#
#.........#+#####...###...##
#......... ###...###...#
.....#### #...........#
.....# .. #...........#
.....# ... #...........+
.....# ... +...........#
.....# #.. ##@##.#######
.....# #...##35..# .....#
#..5.5K#.....# ###...
#.....5##...## +......###.##
###.###. .# ... #. # .... ##
#...


You could see a sun demon (summoned), a kobold demonologist, an iron imp
(summoned), a white imp (summoned) and an ufetubus (summoned).

Vanquished Creatures
  3 water moccasins
  An ice beast (D:5)
  2 black bears
  3 ogres
  A centaur (D:5)
  2 bullfrogs
  3 scorpions
  4 wights (D:5)
  A hound (D:3)
  3 orc priests (D:5)
  Jessica (D:2)
  4 sleepcaps
  3 iguanas
  13 gnolls
  8 adders
  A shadow imp (D:5)
  3 dart slugs
  8 orcs
  4 ball pythons
  7 endoplasms
  4 giant cockroaches
  5 goblins
  6 hobgoblins
  6 quokkas
  3 bats
  2 frilled lizards
  5 kobolds
  6 rats
112 creatures vanquished.

Notes
Turn   | Place    | Note
-------+----------+-------------------------------------------
     0 | D:1      | qw the Gargoyle Hunter began the quest for the Orb.
     0 | D:1      | Reached XP level 1. HP: 12/12 MP: 1/1
     0 | D:1      | 0 ||| qw: Version: 0.3-a-76-g4403597
     0 | D:1      | 0 ||| qw: Game counter: 594
     0 | D:1      | 0 ||| qw: Melee chars always use a shield: true
     0 | D:1      | 0 ||| qw: God list: Okawaru
     0 | D:1      | 0 ||| qw: Allow faded altars: false
     0 | D:1      | 0 ||| qw: Do Orc after clearing Dungeon:15 true
     0 | D:1      | 0 ||| qw: Do second Lair branch before Depths: true
     0 | D:1      | 0 ||| qw: Lair rune preference: random
     0 | D:1      | 0 ||| qw: Goals: Normal
     0 | D:1      | 0 ||| PLANNING D:1-11
   135 | D:1      | Reached XP level 2. HP: 17/17 MP: 2/2
   555 | D:1      | 555 ||| UPGRADING to +0 ring mail.
   565 | D:1      | 565 ||| DROPPING +0 leather armour.
   566 | D:1      | 566 ||| UPGRADING to ring of positive energy.
   567 | D:1      | 567 ||| READING scroll labelled LIZXAJ FOSH.
   668 | D:1      | 668 ||| READING 2 scrolls labelled QUDIJO VEESA.
   669 | D:1      | 669 ||| DROPPING scroll of butterflies.
   670 | D:1      | 670 ||| DROPPING scroll of amnesia.
   732 | D:2      | Noticed Jessica
   741 | D:2      | Killed Jessica
   742 | D:2      | Reached XP level 3. HP: 21/21 MP: 3/3
  1438 | D:2      | Found a faded altar of an unknown god.
  1456 | D:2      | 1456 ||| UPGRADING to +0 pair of gloves.
  1461 | D:2      | 1461 ||| READING scroll labelled UCLU VUASHISET.
  1462 | D:2      | 1462 ||| READING scroll labelled ZAP KEL FYLAERO.
  1463 | D:2      | 1463 ||| DRINKING 2 ruby potions.
  1534 | D:3      | Identified the +3 leather armour of Pevewec {Will+ Dex+2}
  1712 | D:3      | Reached skill level 5 in Ranged Weapons
  1712 | D:3      | Reached XP level 4. HP: 26/26 MP: 4/4
  1752 | D:3      | Reached skill level 3 in Fighting
  1773 | D:3      | Reached XP level 5. HP: 32/32 MP: 5/5
  2005 | D:3      | 2005 ||| UPGRADING to +3 leather armour of Pevewec {Will+
                  | Dex+2}.
  2015 | D:3      | 2015 ||| DROPPING +0 ring mail.
  2016 | D:3      | 2016 ||| UPGRADING to ring of resist corrosion.
  2017 | D:3      | 2017 ||| DRINKING 2 black potions.
  2021 | D:3      | 2021 ||| DRINKING 2 sapphire potions.
  2022 | D:3      | 2022 ||| DRINKING 3 bubbling brown potions.
  2023 | D:3      | 2023 ||| DROPPING potion of ambrosia.
  2066 | D:4      | 2066 ||| Stepping ~*~*~tactically~*~*~ (outnumbered).
  2077 | D:4      | 2077 ||| FLEEEEING.
  2078 | D:4      | 2078 ||| FLEEEEING.
  2079 | D:4      | 2079 ||| FLEEEEING.
  2080 | D:4      | 2080 ||| FLEEEEING.
  2081 | D:4      | 2081 ||| FLEEEEING.
  2083 | D:4      | 2083 ||| FLEEEEING.
  2084 | D:4      | 2084 ||| FLEEEEING.
  2085 | D:4      | 2085 ||| FLEEEEING.
  2086 | D:4      | 2086 ||| FLEEEEING.
  2087 | D:4      | 2087 ||| FLEEEEING.
  2088 | D:4      | 2088 ||| FLEEEEING.
  2089 | D:4      | 2089 ||| STAIRDANCE
  2119 | D:4      | 2119 ||| STAIRDANCE
  2129 | D:4      | Reached skill level 6 in Ranged Weapons
  2205 | D:4      | Noticed an ogre
  2217 | D:4      | Killed an ogre
  2218 | D:4      | Reached XP level 6. HP: 39/39 MP: 6/6
  2218 | D:4      | Identified the +0 ring mail of Otimmu {Regen+ rCorr Dex-4}
  2428 | D:4      | Identified the scarf of the Cockroach {rC+ rF+, rElec Will+
                  | Str-3}
  2605 | D:4      | 2605 ||| FLEEEEING.
  2915 | D:4      | Found a shadowy altar of Dithmenos.
  2915 | D:4      | Found a hide-covered altar of Uskayaw.
  2924 | D:4      | Found a faded altar of an unknown god.
  2972 | D:4      | Found a blossoming altar of Fedhas.
  2974 | D:4      | Found a faded altar of an unknown god.
  2994 | D:4      | 2994 ||| DROPPING +0 ring mail of Otimmu {Regen+ rCorr
                  | Dex-4}.
  2995 | D:4      | 2995 ||| UPGRADING to scarf of the Cockroach {rC+ rF+,
                  | rElec Will+ Str-3}.
  3000 | D:4      | 3000 ||| READING scroll labelled HUYVVA ORAGA.
  3005 | D:4      | 3005 ||| READING 2 scrolls of identify.
  3005 | D:4      | 3005 ||| IDENTIFYING viscous black potion
  3006 | D:4      | 3006 ||| DROPPING potion of berserk rage.
  3018 | D:5      | Entered Level 5 of the Dungeon
  3018 | D:5      | Noticed a water moccasin
  3019 | D:5      | 3019 ||| STAIRDANCE
  3019 | D:5      | Noticed a water moccasin
  3024 | D:5      | 3024 ||| STAIRDANCE
  3036 | D:4      | Killed a water moccasin
  3037 | D:4      | Reached skill level 7 in Ranged Weapons
  3037 | D:4      | Reached XP level 7. HP: 23/44 MP: 7/7
  3143 | D:5      | 3143 ||| STAIRDANCE
  3203 | D:5      | Identified the +6 scale mail of Tulips {rPois Regen+ Str-3
                  | Slay+2}
  3256 | D:5      | 3256 ||| Stepping ~*~*~tactically~*~*~ (outnumbered).
  3258 | D:5      | 3258 ||| Stepping ~*~*~tactically~*~*~ (outnumbered).
  3390 | D:5      | Reached skill level 8 in Ranged Weapons
  3455 | D:5      | Found a hazy altar of Hepliaklqana.
  3464 | D:5      | 3464 ||| Stepping ~*~*~tactically~*~*~ (retreating).
  3474 | D:5      | Reached XP level 8. HP: 42/49 MP: 8/8
  3838 | D:5      | Reached skill level 9 in Ranged Weapons
  4077 | D:5      | Reached skill level 6 in Fighting
  4140 | D:5      | 4140 ||| READING scroll labelled RUCRI QO XETRE.
  4141 | D:5      | 4141 ||| DRINKING 2 fuming dark potions.
  4142 | D:5      | 4142 ||| DRINKING 2 viscous puce potions.
  4143 | D:5      | 4143 ||| DROPPING potion of attraction.
  4174 | D:6      | 4174 ||| STAIRDANCE
  4192 | D:6      | 4192 ||| STAIRDANCE
  4241 | D:5      | 4241 ||| SWAPPING to +0 orcbow.
  4242 | D:5      | 4242 ||| DROPPING +0 shortbow.
  4246 | D:6      | 4246 ||| STAIRDANCE
  4252 | D:6      | 4252 ||| STAIRDANCE
  4347 | D:6      | Reached skill level 10 in Ranged Weapons
  4364 | D:6      | Identified the +1 dagger of the Magi {pain, +Blink}
  4414 | D:6      | Reached XP level 9. HP: 55/55 MP: 9/9
  4575 | D:6      | Reached skill level 3 in Dodging
  4684 | D:6      | 4684 ||| UPGRADING to ring of see invisible.
  4686 | D:6      | 4686 ||| DROPPING +6 ring of intelligence.
  4839 | D:7      | Noticed a kobold demonologist
  4840 | D:7      | Noticed a sun demon
  4840 | D:7      | 4840 ||| RETREATING.
  4845 | D:7      | 4845 ||| Stepping ~*~*~tactically~*~*~ (retreating).
  4850 | D:7      | HP: 10/57 [sun demon[a kobold demonologist] (9)]
  4850 | D:7      | HP: 1/57 [sun demon[a kobold demonologist] (4)]
  4850 | D:7      | Mangled by a sun demon

Levels and vault maps discovered:
D:1:      nzn_arrival_crosshair, layout_basic
D:2:      layout_loops_ring, dilly_ecumenical_altar_fadedgnrine,
          nicolae_eternal_life, uniq_jessica
D:3:      minmay_general_purpose_star, layout_rooms
D:4:      layout_loops_ring, chequers_temple_overflow_minitemple
D:5:      layout_loops_ring, kennysheep_mini_moat
D:6:      layout_cave_pools
D:7:      layout_gridville, temple_hall, kb_rosetta

Skill      XL: |  1  2  3  4  5  6  7  8  9 |
---------------+----------------------------+-----
Armour         | 2 |  2.1
Ranged Weapons | 5 6 7 8 10 | 10.2
Fighting       | 3 4 5 6 7 |  7.0
Dodging        | 2 3 |  3.1
Stealth        | |  1.1

Action                     |  1- 3 |  4- 6 |  7- 9 || total
---------------------------+-------+-------+-------++-------
   Fire: Shortbow          |    89 |   171 |   199 ||   459
         Orcbow            |       |       |    67 ||    67
    Use: Scroll            |     4 |     2 |     1 ||     7
         Potion            |     1 |     3 |     2 ||     6
 Armour: Leather armour    |     6 |    60 |   107 ||   173
         Ring mail         |     8 |     2 |       ||    10
  Dodge: Dodged            |    18 |    69 |    95 ||   182

Table legend:
 A = Non-vault XP
 B = Vault XP
 C = Vault XP percentage of total XP
 D = Non-vault monster count
 E = Vault monster count
 F = Vault count percentage of total count
                 A         B        C        D         E       F
            +---------+---------+-------+---------+---------+-------
      Total |    2825 |      88 |   3.0 |     108 |       4 |   3.6
            +---------+---------+-------+---------+---------+-------
        D:1 |      30 |       0 |   0.0 |      17 |       0 |   0.0
        D:2 |       9 |      37 |  80.4 |       8 |       1 |  11.1
        D:3 |      86 |      51 |  37.2 |      14 |       3 |  17.6
        D:4 |     692 |       0 |   0.0 |      29 |       0 |   0.0
        D:5 |    1251 |       0 |   0.0 |      29 |       0 |   0.0
        D:6 |     391 |       0 |   0.0 |       8 |       0 |   0.0
        D:7 |     366 |       0 |   0.0 |       3 |       0 |   0.0
            +---------+---------+-------+---------+---------+-------
